 Dungeon Crawl Stone Soup version 0.27.1-33-g824d729ab1 (webtiles) character file.

Game seed: 10441585447614069891

7 Descartes the Grasshopper (level 1, 0/9 HPs)
             Began as a Felid Warper on Nov 25, 2021.
             Slain by a jackal (3 damage)
             ... on level 1 of the Dungeon.
             The game lasted 00:00:55 (178 turns).

Descartes the Grasshopper (Felid Warper)             Turns: 178, Time: 00:00:56

Health: 0/9        AC:  1    Str:  7    XL:     1   Next: 83%
Magic:  4/4        EV: 18    Int: 14    God:
Gold:   5          SH:  0    Dex: 15    Spells: 4/4 levels left
                                        Lives:  0   Deaths: 0

rFire    . . .     SeeInvis +     - Unarmed
rCold    . . .     Faith    .   (shield unavailable)
rNeg     . . .     Spirit   .   (armour unavailable)
rPois    .         Reflect  .   (helmet unavailable)
rElec    .         Harm     .   (cloak unavailable)
rCorr    .         Rampage  .   (gloves unavailable)
Will     .....                  (boots unavailable)
Stlth    ++........             (no amulet)
HPRegen  0.03/turn              (no ring)
MPRegen  0.09/turn              (no ring)

@: quick
A: very small, claws 1, fangs 3, see invisible, speed 1, shaggy fur 1, stealthy
paws, no weapons or thrown items, no armour, multi-lived
a: no special abilities


You were on level 1 of the Dungeon.
You visited 1 branch of the dungeon, and saw 1 of its levels.

You collected 5 gold pieces.

Inventory:

Jewellery
 b - a ring of ice
Scrolls
 a - a scroll of blinking
 c - a scroll of identify {unknown}
Potions
 d - a potion of attraction {unknown}


   Skills:
 - Level 2.0 Fighting
 * Level 3.4 Dodging
 + Level 0.4 Stealth
 + Level 2.1 Unarmed Combat
 - Level 2.0 Spellcasting
 + Level 4.6 Translocations


You had 4 spell levels left.
You didn't know any spells.
Your spell library contained the following spells:

 Spells                   Type           Power      Damage    Failure   Level
 Blink                    Tloc           N/A        N/A       5%          2
 Gell's Gravitas          Tloc           7%         N/A       11%         3
 Lesser Beckoning         Tloc           7%         N/A       11%         3
 Teleport Other           Tloc           14%        N/A       11%         3
 Manifold Assault         Tloc           14%        N/A       67%         5


Dungeon Overview and Level Annotations

Branches:
Dungeon (1/15)

Altars:


Innate Abilities, Weirdness & Mutations

You have sharp claws.
You have razor-sharp teeth.
You have supernaturally acute eyesight. (SInv)
You cover ground quickly. (Speed+)
You are covered in fur. (AC +1)
Your paws help you pounce on unaware monsters.
You are incapable of wielding weapons or throwing items.
You cannot wear armour.
You gain extra lives every three experience levels.


Message History

A jackal and a goblin come into view.
The goblin shouts!
The jackal barks!
A jackal comes into view.
You barely miss the goblin. The goblin closely misses you.
A jackal comes into view.
The jackal barks!
You scratch the goblin.
You kill the goblin!
You closely miss the jackal. The jackal bites you.
You barely miss the jackal. The jackal misses you. The jackal bites you.
The jackal barks!
You scratch the jackal but do no damage.
The jackal completely misses you.
An endoplasm comes into view.
You scratch the jackal but do no damage.
The jackal completely misses you.
You scratch the jackal.
The jackal is almost dead.
You scratch the jackal but do no damage.
You bite the jackal, but do no damage. The jackal closely misses you.
You closely miss the jackal. Your bite misses the jackal.
The jackal bites you. x2
You are too injured to fight recklessly!
You are too injured to fight recklessly!
You are too injured to fight recklessly!
You are too injured to fight recklessly!
You are too injured to fight recklessly!
You are too injured to fight recklessly!
You are too injured to fight recklessly!
You are too injured to fight recklessly!
You are too injured to fight recklessly!
You are too injured to fight recklessly!
You are too injured to fight recklessly!
You are too injured to fight recklessly!
You are too injured to fight recklessly!
You are too injured to fight recklessly!
You are too injured to fight recklessly!
You are too injured to fight recklessly!
You barely miss the jackal. The jackal barely misses you.
You completely miss the jackal. The jackal bites you.
You die... #.## #... #..# #..# #..## hhJ

#h# ####@####
#.......####
#....#####....#
...# #..#.# ..
#..#.# #..#.#
#..#.###
...#...##
###.##...#


You could see an endoplasm and 3 jackals.

Vanquished Creatures
  An endoplasm (D:1)
  A goblin (D:1)
  2 hobgoblins (D:1)
  2 rats (D:1)
6 creatures vanquished.

Notes
Turn   | Place    | Note
-------+----------+-------------------------------------------
     0 | D:1      | Descartes the Felid Warper began the quest for the Orb.
     0 | D:1      | Reached XP level 1. HP: 9/9 MP: 4/4
   178 | D:1      | Slain by a jackal

Illustrated notes

Levels and vault maps discovered:
D:1:      dpeg_arrival_oval, layout_loops_ring, serial_shops, shop_fountains

Action                   || total
-------------------------++-------
Melee: Unarmed           ||    29
       Bite              ||     2
       Punch             ||     1
Dodge: Dodged            ||    18
